 Dungeon Crawl Stone Soup version 0.31-a0-313-g785cd24033 (webtiles) character file.

Game seed: 3622465424410018167

2345 AlexRAT the Cleaver (level 9, -5/81 HPs)
             Began as a Minotaur Berserker on July 17, 2023.
             Was an Elder of Trog.
             Slain by an orc warrior
             ... wielding a +0 glaive
              (9 damage)
             ... on level 7 of the Dungeon.
             The game lasted 00:09:22 (5708 turns).

AlexRAT the Cleaver (Minotaur Berserker)            Turns: 5708, Time: 00:09:22

Health: -5/81      AC:  8    Str: 26    XL:     9   Next: 20%
Magic:  8/8        EV: 12    Int:  4    God:    Trog [****..]
Gold:   241        SH:  6    Dex: 10    Spells: 8/8 levels left

rFire   . . .        a - +0 hand axe
rCold   + . .        y - +0 kite shield
rNeg    . . .        p - +1 leather armour {rC+}
rPois   +            (helmet restricted)
rElec   .            (no cloak)
rCorr   .            (no gloves)
SInv    .            x - +2 pair of boots
Will    .....        z - amulet of regeneration
Stlth   +            i - ring of poison resistance
HPRegen 1.13/turn    (no ring)
MPRegen 0.11/turn

%: no passive effects
@: no status effects
A: horns 2, retaliatory headbutt
a: Renounce Religion, Berserk, Trog's Hand, Brothers in Arms


You were on level 7 of the Dungeon.
You worshipped Trog.
Trog was greatly pleased with you.
You visited 1 branch of the dungeon, and saw 7 of its levels.

You collected 241 gold pieces.

Inventory:

Hand Weapons
 a - a +0 hand axe (weapon)
Armour
 p - a +1 leather armour of cold resistance (worn)
 x - a +2 pair of boots (worn)
 y - a +0 kite shield (worn)
Jewellery
 i - a ring of poison resistance (left hand)
 z - an amulet of regeneration (around neck)
Wands
 m - a wand of charming (12)
 u - a wand of roots (11)
Scrolls
 b - 2 scrolls of vulnerability {unknown}
 e - 4 scrolls of identify {unknown}
 h - 2 scrolls of amnesia {unknown}
 l - a scroll of teleportation {unknown}
 n - a scroll of fear {unknown}
 o - 2 scrolls of immolation {unknown}
 t - 3 scrolls of blinking {unknown}
 v - a scroll of revelation {unknown}
 w - 2 scrolls of silence {unknown}
Potions
 c - a potion of heal wounds {unknown}
 d - 3 potions of curing {unknown}
 f - a potion of might {unknown}
 g - 2 potions of mutation {unknown}
 j - 2 potions of enlightenment {unknown}
 k - a potion of cancellation {unknown}
 q - a potion of attraction {unknown}
 r - 2 potions of ambrosia {unknown}
 s - a potion of invisibility {unknown}


   Skills:
 + Level 8.2 Fighting
 + Level 8.2 Axes
 + Level 7.8 Armour
 + Level 7.1 Dodging


You had 8 spell levels left.
You didn't know any spells.
Your spell library was empty.

Dungeon Overview and Level Annotations

Branches:
Dungeon (7/15)             Temple (0/1) D:5

Altars:
Ashenzari
Fedhas
Hepliaklqana
Nemelex Xobeh

Shops:
D:1 *   D:2 ?   D:3 =   D:5 ![!!   D:7 *:


Innate Abilities, Weirdness & Mutations

You have a pair of horns on your head.
You reflexively headbutt those who attack you in melee.


Message History

You are too injured to fight recklessly!
You are too injured to fight recklessly!
You are too injured to fight recklessly!
You are too injured to fight recklessly!
You are too injured to fight recklessly!
You are too injured to fight recklessly!
You are too injured to fight recklessly!
You are too injured to fight recklessly!
You are too injured to fight recklessly!
You are too injured to fight recklessly!
You are too injured to fight recklessly!
You are too injured to fight recklessly!
You are too injured to fight recklessly!
You barely miss the orc warrior. Your headbutt misses the orc warrior.
The orc warrior is moderately wounded.
You block the orc warrior's attack.
You hit the orc warrior.
The orc warrior is moderately wounded.
The orc warrior hits you with a +0 glaive!
You completely miss the orc warrior.
The orc warrior is moderately wounded.
The orc warrior hits you with a +0 glaive!
* * * LOW HITPOINT WARNING * * *
You hit the orc warrior but do no damage.
The orc warrior is moderately wounded.
You block the orc warrior's attack.
You barely miss the orc warrior.
The orc warrior is moderately wounded.
The orc warrior completely misses you.
You closely miss the orc warrior.
The orc warrior is moderately wounded.
You block the orc warrior's attack.
You closely miss the orc warrior. You headbutt the orc warrior.
The orc warrior is heavily wounded.
The orc warrior hits you with a +0 glaive!
* * * LOW HITPOINT WARNING * * *
You barely miss the orc warrior. Your headbutt misses the orc warrior.
The orc warrior is heavily wounded.
The orc warrior hits you with a +0 glaive!
You die...

#.............#.....##..
#.#.....#.##..#.........
#.#.#+#.#.#..)..........
#.#.#...............##..
#.#.#.........#.....##..
#.............#.........
#.#.#.#.#.#...#.....###.
#.#.#...)...............
####.#.#.#@#.#.............
#..........o.....<....##...
####.#.#.#.................
#.#.#.#.#...............
#.#.#.#.....#.#...###...
#.#.#.###...#.#...###...
#.#.#.###...............
#.#.#...................
#.#.....................


You could see an orc warrior.

Vanquished Creatures
  Edmund (D:4)
  Duvessa (D:4)
  3 ice beasts
  3 black bears
  An orc warrior (D:7)
  A sky beast (D:6)
  2 centaurs
  A bullfrog (D:7)
  A gnoll sergeant (D:7)
  3 scorpions
  Dowan (D:4)
  3 howler monkeys (D:7)
  4 hounds
  A jelly (D:6)
  An orc priest (D:3)
  A gnoll bouda (D:5)
  An iguana (D:6)
  Jessica (D:2)
  A sleepcap (D:5)
  6 orc wizards
  6 adders
  13 gnolls
  A shadow imp (D:7)
  2 white imps (D:6)
  An ufetubus (D:4)
  2 worms
  4 dart slugs
  22 orcs
  7 bats
  11 endoplasms
  8 giant cockroaches
  8 hobgoblins
  5 jackals
  7 kobolds
  2 quokkas
  7 ball pythons
  2 frilled lizards (D:2)
  8 goblins
  3 rats
156 creatures vanquished.

Vanquished Creatures (others)
  An orc wizard (D:4)
1 creature vanquished.

Grand Total: 157 creatures vanquished

Notes
Turn   | Place    | Note
-------+----------+-------------------------------------------
     0 | D:1      | AlexRAT the Minotaur Berserker began the quest for the Orb.
     0 | D:1      | Reached XP level 1. HP: 19/19 MP: 0/0
   173 | D:1      | Reached XP level 2. HP: 27/27 MP: 1/1
   175 | D:1      | Found Wunishod's General Store.
   401 | D:1      | Reached XP level 3. HP: 28/33 MP: 2/2
   623 | D:2      | Reached ** piety under Trog
   831 | D:2      | Reached XP level 4. HP: 38/40 MP: 3/3
  1072 | D:2      | Found a faded altar of an unknown god.
  1077 | D:2      | Noticed Jessica
  1087 | D:2      | Killed Jessica
  1273 | D:2      | Found The Oracle's Delphic Readings.
  1623 | D:3      | Reached XP level 5. HP: 47/47 MP: 4/4
  1636 | D:3      | Reached *** piety under Trog
  1717 | D:3      | Found a blossoming altar of Fedhas.
  1816 | D:3      | Found Zuwacsoa's Jewellery Emporium.
  1816 | D:3      | Found a hazy altar of Hepliaklqana.
  2101 | D:4      | Noticed Edmund
  2133 | D:4      | Killed Edmund
  2134 | D:4      | Reached skill level 5 in Fighting
  2134 | D:4      | Reached skill level 5 in Axes
  2134 | D:4      | Reached XP level 6. HP: 32/56 MP: 5/5
  2574 | D:4      | Noticed Dowan
  2576 | D:4      | Noticed Duvessa
  2591 | D:4      | Killed Duvessa
  2592 | D:4      | Reached skill level 5 in Armour
  2593 | D:4      | Killed Dowan
  2594 | D:4      | Reached XP level 7. HP: 45/62 MP: 6/6
  2951 | D:5      | Entered Level 5 of the Dungeon
  3300 | D:5      | Reached skill level 5 in Dodging
  3367 | D:5      | Found Beeriots's Distillery.
  3379 | D:5      | Found Hoxt's Antique Armour Shop.
  3456 | D:5      | Reached **** piety under Trog
  3498 | D:5      | Found a staircase to the Ecumenical Temple.
  3601 | D:5      | Found a broken altar of Ashenzari.
  3686 | D:5      | Found Wariliho's Distillery.
  4058 | D:5      | Found Mouneu's Distillery.
  4272 | D:6      | Reached XP level 8. HP: 71/71 MP: 7/7
  4602 | D:6      | Identified the +5 quarterstaff "Kasurif" {heavy, Str-3
                  | Dex+4}
  4771 | D:6      | Found a sparkling altar of Nemelex Xobeh.
  5019 | D:7      | Reached XP level 9. HP: 59/81 MP: 8/8
  5288 | D:7      | Found Lixzisuv's Elemental Accessories.
  5561 | D:7      | Found Muleuq's Book Emporium.
  5707 | D:7      | HP: 3/81 [orc warrior/+0 glaive (13)]
  5708 | D:7      | Slain by an orc warrior

Illustrated notes

Levels and vault maps discovered:
D:1:      dpeg_arrival_refuge, layout_rooms, serial_shops,
          nicolae_shop_statue_plus
D:2:      layout_basic, basic_ecumenical_altar, nicolae_nh_oracle_at_delphi,
          uniq_jessica
D:3:      layout_basic, nicolae_hepliaklqana_hazy_memory, fedhas_altar_3,
          serial_shops, shop, item_on_display_a
D:4:      layout_basic, uniq_edmund, uniq_duvessa
D:5:      layout_loops_ring, mainiacjoe_overflow_cross_hatched,
          minmay_temple_entry_waves, serial_shops, kennysheep_mini,
          nicolae_shop_industrial_runoff, shop, nicolae_shop_rolling_square,
          grunt_decor_mini_mirrors
D:6:      layout_loops_cross, nemelex_spade_bored_becter
D:7:      layout_basic, serial_shops, shop, nicolae_elemental_shop,
          nicolae_shop_unique_rings

Skill      XL: |  1  2  3  4  5  6  7  8  9 |
---------------+----------------------------+-----
Fighting       | 4 5 6 7 8 |  8.2
Axes           | 4 5 6 7 8 |  8.2
Armour         | 3 4 5 6 7 |  7.8
Dodging        | 3 4 5 6 7 |  7.1

Action                     |  1- 3 |  4- 6 |  7- 9 || total
---------------------------+-------+-------+-------++-------
  Melee: Hand axe          |    65 |   166 |   242 ||   473
         Headbutt          |     6 |    20 |    49 ||    75
         Punch             |     3 |     1 |     3 ||     7
 Invoke: Berserk           |       |     2 |     4 ||     6
 Armour: Animal skin       |    15 |     2 |       ||    17
         Ring mail         |       |    55 |       ||    55
         Leather armour    |       |       |   111 ||   111
  Dodge: Dodged            |    42 |    80 |   172 ||   294
  Block: Kite shield       |       |       |    10 ||    10

Table legend: (Time is in decaauts)
 A = Elapsed time spent in this place.
 B = Non-inter-level travel time spent in this place.
 C = Inter-level travel time spent in this place.
 D = Time resting spent in this place.
 E = Time spent auto-exploring this place.
 F = Levels seen in this place.
 G = Mean time per level.
                   A        B        C        D        E       F      G
               +--------+--------+--------+--------+--------+-----+--------+
         Total |   5772 |   5579 |    193 |    308 |   4231 |   7 |  824.6 |
       Dungeon |   5772 |   5579 |    193 |    308 |   4231 |   7 |  824.6 |
               +--------+--------+--------+--------+--------+-----+--------+

Top non-repeatable levels by time:
     D:5: 1161 daAuts
     D:6: 1019 daAuts
     D:2: 957 daAuts
     D:4: 916 daAuts
     D:1: 616 daAuts
     D:7: 608 daAuts
     D:3: 492 daAuts
